 Dungeon Crawl Stone Soup version 0.30-b1-2-g02819fbbbe (webtiles) character file.

Game seed: 16694184755797174264

346945 sanka the Cloud Mage (level 22, -4/140 HPs)
             Began as a Tengu Enchanter on May 8, 2023.
             Was the Champion of Vehumet.
             Killed by divine providence
             ... invoked by a smoke demon
              (12 damage)
             ... on level 3 of the Depths on May 9, 2023.
             The game lasted 03:14:20 (67200 turns).

sanka the Cloud Mage (Tengu Enchanter)             Turns: 67200, Time: 03:14:20

Health: -4/140     AC: 11    Str:  7    XL:     22   Next: 13%
Magic:  39/42      EV: 23    Int: 44    God:    Vehumet [******]
Gold:   1588       SH:  8    Dex: 17    Spells: 9/51 levels left

rFire   + + .        a - staff of air "Uvop" {rElec rF+}
rCold   . . .        p - +1 buckler {AC+3}
rNeg    . . .        J - +2 robe {Archmagi}
rPois   +            (helmet restricted)
rElec   +            e - scarf of Articulation {rC+ rF+, Rampage Will+ SInv}
rCorr   +            q - +3 pair of gloves of Patterns {rElec Str-2 Stlth+}
SInv    +            (boots unavailable)
Will    +++..        f - amulet of Awe {rPois rC- Regen+ Int+8}
Stlth   +++          h - ring "Xeseiq" {Will+ rCorr Int+6}
HPRegen 1.23/turn    i - ring of Reylerch {Int+6 SInv}
MPRegen 0.28/turn

%: rampage, archmagi
@: flying quickly and evasively, constricted, studying Polearms, quick
A: beak, talons 3, nimble flight
}: 2/15 runes: barnacled, gossamer
a: Renounce Religion


You were on level 3 of the Depths.
You worshipped Vehumet.
Vehumet was exalted by your worship.
You visited 8 branches of the dungeon, and saw 38 of its levels.
You also visited: Trove, Sewer, Bailey, Gauntlet and Wizlab.

You collected 6089 gold pieces.
You spent 4501 gold pieces at shops.

Inventory:

Hand Weapons
 m - a +0 whip of distortion
Missiles
 F - 5 throwing nets {=f}
Armour
 e - the scarf of Articulation (worn) {rC+ rF+, Rampage Will+ SInv}
   (You found it in a wizard's laboratory)

   SInv:      It lets you see invisible.
   Rampage:   It bestows one free step when moving towards enemies.
   Will:      It increases your willpower.
 p - a +1 buckler of protection (worn)
 q - the +3 pair of gloves of Patterns (worn) {rElec Str-2 Stlth+}
   (You found it on level 4 of the Vaults)

   Str:       It affects your strength (-2).
   rElec:     It insulates you from electricity.
   Stlth:     It makes you more stealthy.
 J - a +2 robe of the Archmagi (worn)
Magical Staves
 a - the staff of air "Uvop" (weapon) {rElec rF+}
   (You found it on level 4 of the Shoals)

   [staff of air]

   Base accuracy: +5 Base damage: 5 Base attack delay: 1.2 This weapon's minimum
   attack delay (0.6) is reached at skill level 12.
   rF:        It protects you from fire.
   rElec:     It insulates you from electricity.
   It falls into the 'Staves' category.
   It is a one-handed weapon.
 b - the staff of conjuration "Akutt" {rPois Str+3 Dex+6, !a}
   (You acquired it on level 8 of the Dungeon)

   [staff of conjuration]

   Base accuracy: +5 Base damage: 5 Base attack delay: 1.2 This weapon's minimum
   attack delay (0.6) is reached at skill level 12.
   Str:       It affects your strength (+3).
   Dex:       It affects your dexterity (+6).
   rPois:     It protects you from poison.
   It falls into the 'Staves' category.
   It is a one-handed weapon.
Jewellery
 f - the amulet of Awe (around neck) {rPois rC- Regen+ Int+8}
   (You bought it in a shop on level 2 of the Orcish Mines)

   [amulet of regeneration]

   Int:       It affects your intelligence (+8).
   rC:        It makes you vulnerable to cold.
   rPois:     It protects you from poison.
   Regen:     It increases your rate of health regeneration.
 h - the ring "Xeseiq" (left hand) {Will+ rCorr Int+6}
   (You found it in a Gauntlet)

   [ring of intelligence]

   Int:       It affects your intelligence (+6).
   rCorr:     It protects you from acid and corrosion.
   Will:      It increases your willpower.
 i - the ring of Reylerch (right hand) {Int+6 SInv}
   (You found it in a treasure trove)

   [ring of intelligence]

   Int:       It affects your intelligence (+6).
   SInv:      It lets you see invisible.
 l - a ring of protection from cold
 r - a +4 ring of protection
 M - the ring "Xufrom" {rN++ Int+6 Stlth+}
   (You acquired it on level 8 of the Dungeon)

   [ring of intelligence]

   Int:       It affects your intelligence (+6).
   rN:        It greatly protects you from negative energy.
   Stlth:     It makes you more stealthy.
 Q - an amulet of magic regeneration
Wands
 g - a wand of charming (5)
 k - a wand of flame (4)
 o - a wand of light (18)
 z - a wand of roots (4)
 U - a wand of digging (13)
Scrolls
 n - 21 scrolls of teleportation {@r4}
 y - 4 scrolls of magic mapping
 B - 8 scrolls of noise {!r}
 C - 2 scrolls of blinking
 G - 13 scrolls of fear
 L - 2 scrolls of fog
 S - 3 scrolls of silence {!r}
Potions
 c - 11 potions of mutation {!q}
 d - 13 potions of curing {@q1}
 j - 7 potions of heal wounds {@q2}
 t - 2 potions of berserk rage {!q}
 v - 3 potions of might
 w - 7 potions of brilliance
 x - 7 potions of haste {@q3}
 D - 7 potions of ambrosia
 H - 6 potions of invisibility
 K - 6 potions of cancellation
 N - 7 potions of magic


   Skills:
 - Level 15.0 Fighting
 - Level 1.1 Short Blades
 + Level 16.2 Dodging
 - Level 3.0 Stealth
 - Level 10.0 Shields
 - Level 15.0 Spellcasting
 + Level 24.2 Conjurations
 - Level 2.1 Hexes
 - Level 5.0 Summonings
 + Level 24.6 Air Magic
 - Level 4.0 Earth Magic
 - Level 4.0 Evocations


You had 9 spell levels left.
You knew the following spells:

 Your Spells              Type           Power      Damage    Failure   Level
a - Plasma Beam           Fire/Air       72%        2x1d97    1%          6
b - Freezing Cloud        Conj/Ice/Air   79%        6-21      1%          5
c - Chain Lightning       Conj/Air       90%        3d120     1%          9
d - Orb of Destruction    Conj           76%        9d17      1%          7
e - Spellforged Servitor  Conj/Summ      63%        N/A       1%          7
f - Lehudib's Crystal Sp  Conj/Erth      62%        10d14     6%          8

Your spell library contained the following spells:

 Spells                   Type           Power      Damage    Failure   Level
 Polar Vortex             Ice            24%        N/A       100%        9
 Kiss of Death            Conj/Necr      100%       2d13      0%          1
 Magic Dart               Conj           100%       1d8       0%          1
 Searing Ray              Conj           100%       2d8       0%          2
 Dazzling Flash           Conj/Hex       100%       N/A       0%          3
 Hailstorm                Conj/Ice       100%       3d20      0%          3
 Stone Arrow              Conj/Erth      100%       3d13      0%          3
 Swiftness                Air            100%       N/A       0%          3
 Arcjolt                  Conj/Air       90%        1d100     0%          5
 Iskenderun's Battlesphe  Conj           100%       2d15      0%          5
 Conjure Ball Lightning   Conj/Air       90%        3x3d35    0%          6
 Apportation              Tloc           98%        N/A       1%          1
 Freeze                   Ice            100%       1d10      1%          1
 Necrotise                Necr           100%       1d9       1%          1
 Sandblast                Erth           100%       2d20      1%          1
 Slow                     Hex            100%       N/A       1%          1
 Blink                    Tloc           98%        N/A       1%          2
 Ensorcelled Hibernation  Hex/Ice        100%       N/A       1%          2
 Lesser Beckoning         Tloc           98%        N/A       1%          2
 Passwall                 Tmut/Erth      55%        N/A       1%          2
 Confusing Touch          Hex            68%        N/A       1%          3
 Frozen Ramparts          Ice            98%        1d15      1%          3
 Inner Flame              Hex/Fire       59%        N/A       1%          3
 Tukima's Dance           Hex            68%        N/A       1%          3
 Vhi's Electric Charge    Tloc/Air       100%       N/A       1%          3
 Animate Armour           Summ/Erth      100%       N/A       1%          4
 Fulminant Prism          Conj/Hex       61%        3d26      1%          4
 Fireball                 Conj/Fire      59%        3d23      1%          5
 Lee's Rapid Deconstruct  Erth           40%        3d20*     1%          5
 Silence                  Hex/Air        74%        N/A       1%          5
 Iron Shot                Conj/Erth      62%        9d12      1%          6
 Maxwell's Capacitive Co  Air            90%        ∞         1%          8
 Gell's Gravitas          Tloc           49%        N/A       3%          3
 Ozocubu's Armour         Ice            49%        N/A       3%          3
 Spider Form              Tmut/Pois      49%        N/A       3%          3
 Teleport Other           Tloc           49%        N/A       3%          3
 Vampiric Draining        Necr           49%        2d9       3%          3
 Leda's Liquefaction      Hex/Erth       37%        N/A       3%          4
 Summon Ice Beast         Ice/Summ       70%        N/A       3%          4
 Cause Fear               Hex            34%        N/A       4%          4
 Petrify                  Tmut/Erth      66%        N/A       4%          4
 Yara's Violent Unravell  Hex/Tmut       29%        3d12      5%          5
 Storm Form               Tmut/Air       72%        N/A       6%          7
 Anguish                  Hex/Necr       29%        N/A       7%          4
 Summon Mana Viper        Hex/Summ       77%        N/A       7%          5
 Dispel Undead            Necr           49%        3d18      11%         4
 Ice Form                 Ice/Tmut       49%        N/A       11%         4
 Manifold Assault         Tloc           49%        N/A       11%         4
 Passage of Golubria      Tloc           49%        N/A       11%         4
 Summon Forest            Summ/Tloc      35%        N/A       11%         5
 Metabolic Englaciation   Hex/Ice        29%        N/A       19%         5
 Summon Cactus Giant      Summ           43%        N/A       22%         6
 Agony                    Necr           49%        N/A       30%         5
 Alistair's Intoxication  Tmut/Pois      32%        N/A       30%         5
 Blade Hands              Tmut           24%        N/A       30%         5
 Statue Form              Tmut/Erth      44%        N/A       58%         6
 Ozocubu's Refrigeration  Ice            24%        4d12      89%         7
 Enfeeble                 Hex            34%        N/A       98%         7
 Shatter                  Erth           40%        3d31*     100%        9


Dungeon Overview and Level Annotations

Branches:
Dungeon (15/15)            Temple (1/1) D:7            Lair (5/5) D:9
 Shoals (4/4) Lair:2       Spider (4/4) Lair:2        Slime (0/5) Lair:4
    Orc (2/2) D:11            Elf (0/3) Orc:2        Vaults (4/5) D:14
  Crypt (0/3) Vaults:3     Depths (3/4) D:15          Sewer (visited)
 Bailey (visited)          WizLab (visited)         Gauntlet (visited)

Altars:
Ashenzari
Cheibriados
Dithmenos
Elyvilon
Fedhas
Gozag
Hepliaklqana
Kikubaaqudgha
Makhleb
Nemelex Xobeh
Okawaru
Qazlal
Ru
Sif Muna
Trog
Uskayaw
Vehumet
Wu Jian
Xom
Yredelemnul
Zin
The Shining One
Jiyva

Shops:
D:8 !   D:11 ?   Orc:2 ([*=   Shoals:3 [   Vaults:1 (   Depths:1 :
Depths:2 [?

Portals:
Hell: Depths:1 Depths:2
Pandemonium: Depths:1


Innate Abilities, Weirdness & Mutations

You have a beak for a mouth.
You have claws for feet.
Your magical nature lets you fly swiftly and evasively.


Message History

The tentacled monstrosity constricts you!
The stone giant throws a large rock.
The large rock hits you!!
* * * LOW HITPOINT WARNING * * *
Your life force feels restored.
You are too injured to fight recklessly!
Unknown command.
The tentacled monstrosity's grasp on you weakens, but your attempt to escape fails.
A soul eater comes into view.
A stone giant comes into view.
The tentacled monstrosity barely misses you.
The tentacled monstrosity tentacle-slaps you!
* * * LOW HITPOINT WARNING * * *
The tentacled monstrosity barely misses you.
The tentacled monstrosity constricts you.
* * * LOW HITPOINT WARNING * * *
Unknown command.
Unknown command.
Unknown command.
Unknown command.
Blink to where?
Press: ? - help, Dir - move target The tentacled monstrosity's grasp on you weakens, but your attempt to escape fails.
As you read the scroll of blinking, it crumbles to dust.
A smoke demon comes into view.
The tentacled monstrosity completely misses you.
You block the tentacled monstrosity's attack.
The tentacled monstrosity misses you.
The tentacled monstrosity constricts you!
* * * LOW HITPOINT WARNING * * *
Unknown command.
Unknown command.
Unknown command.
Blink to where?
Press: ? - help, Dir - move target The tentacled monstrosity's grasp on you weakens, but your attempt to escape fails.
As you read the scroll of blinking, it crumbles to dust.
The smoke demon roars!
A spriggan air mage comes into view.
The smoke demon gestures at you. Something smites you!
You die...

...[ ).. . #..
.# ###.!### 88#
#8.)..8# ....
##......##.....
3.3....C.......
i.....D@C...C..
....^...X......
######...######
#..÷# #.)..
...... ......
#.......


You could see a tentacled monstrosity, a frost giant, a fire dragon, 2 stone
giants, a soul eater, a spriggan air mage (wandering, repels missiles) and a
smoke demon.

Vanquished Creatures
  Sojobo (Vaults:3)
  Boris (Vaults:4)
  Bai Suzhen (Spider:3)
  Xtahua (Vaults:4)
  Jory (Vaults:3)
  Nikola (Spider:2)
  Arachne (Spider:3)
  The ghost of Discosetron the Crack Shot, an adept BaWr of Ru (Vaults:4)
  Zenata (Vaults:4)
  A titan (Shoals:4)
  A lich (Depths:3)
  5 acid blobs (Lair:4)
  A walking earthen tome (WizLab)
  5 sphinxes
  An ancient champion (Vaults:3)
  2 tengu reavers (Vaults:3)
  2 azure jellies (Lair:4)
  Agnes (Spider:2)
  A strange machine (WizLab)
  A rockslime (Lair:4)
  3 frost giants
  6 emperor scorpions
  4 fire giants
  7 vault wardens
  2 ghost moths (Spider:4)
  3 stone giants
  9 ironbound preservers
  2 broodmothers
  4 very ugly things
  8 ironbound thunderhulks
  6 spark wasps
  A minotaur (Gauntlet)
  15 dire elephants
  A green death (Depths:1)
  Snorg (Lair:4)
  2 merfolk javelineers (Shoals:4)
  3 fire dragons
  5 yaktaur captains
  6 entropy weavers
  5 ettins
  The ghost of Arcadio the Cleaver, a journeyman MiBe of Trog (Lair:4)
  4 merfolk impalers
  Josephine (Shoals:1)
  6 great orbs of eyes
  7 hydras
  A jorogumo (Spider:1)
  2 ogre magi
  Fannar (D:12)
  4 radroaches
  A peacekeeper (Vaults:4)
  2 merfolk avatars
  A spriggan air mage (Depths:1)
  2 catoblepae
  An ice dragon (Depths:3)
  6 rakshasas
  10 centaur warriors
  5 ironbound frosthearts
  10 two-headed ogres
  5 boulder beetles
  2 alligator snapping turtles
  A dancing weapon (WizLab)
  6 death scarabs (Spider:4)
  3 death yaks (Lair:2)
  A satyr (Shoals:4)
  7 tengu warriors
  A hell hog (Gauntlet)
  5 deep troll earth magi
  2 soul eaters (Depths:3)
  A spriggan berserker (Depths:3)
  A vampire mage (Vaults:3)
  2 deep troll shamans (Depths:2)
  A hell knight (Vaults:1)
  3 iron trolls
  A skeletal warrior (Vaults:3)
  4 skysharks
  Amaemon (Lair:1)
  12 pharaoh ants
  A glowing orange brain (Lair:4)
  A sun moth (Spider:3)
  The ghost of MrCrawl the Lord of Darkness, a novice DsNe of Kikubaaqudgha (D:7)
  7 sea snakes
  5 orb spiders
  10 ironbound convokers
  A flayed ghost (Depths:2)
  34 deep trolls
  2 lindwurms
  8 steelbarb worms
  3 spectral wolf spiders (Spider:4)
  A phantasmal warrior (Vaults:3)
  2 orc knights
  3 necromancers
  A spectral jorogumo (Spider:4)
  8 wizards
  23 harpies
  A wolf spider zombie (Spider:4)
  25 ugly things
  9 manticores
  5 fauns (Shoals:1)
  12 wolf spiders
  2 deep elf pyromancers
  7 elephants
  3 moths of wrath
  11 cyclopes
  4 merfolk sirens
  4 water nymphs (Shoals:4)
  A guardian serpent (shapeshifter) (Vaults:3)
  An eye of devastation (Lair:4)
  13 vault sentinels
  9 torpor snails
  8 demonic crawlers
  5 black mambas
  2 gargoyles (D:11)
  8 cane toads
  6 rime drakes
  An orange demon (Lair:1)
  3 smoke demons
  12 yaktaurs
  A spectral redback (Spider:4)
  8 komodo dragons
  5 polar bears
  8 trolls
  6 wind drakes
  A shadow dragon simulacrum (Vaults:4)
  A nameless horror (Orc:2)
  3 spectral tarantellas (Spider:4)
  Grinder (D:3)
  2 hornets
  6 snapping turtles
  2 spectral culicivoras (Spider:4)
  2 spectral jumping spiders (Spider:4)
  17 tarantellas
  A hellwing (Depths:1)
  3 jumping spider zombies (Spider:4)
  9 blink frogs
  7 merfolk
  7 meliai
  11 dream sheep
  Sigmund (D:2)
  An air elemental (Shoals:4)
  10 flying skulls (Gauntlet)
  2 vampires (D:11)
  4 shadows
  26 jumping spiders
  21 culicivoras
  15 slime creatures
  14 water elementals
  14 wyverns
  3 wraiths (Shoals:1)
  A ynoxinul (Depths:1)
  7 humans
  3 fire elementals (D:12)
  5 steam dragons
  27 yaks
  13 basilisks
  2 fire bats (Gauntlet)
  30 redbacks
  A neqoxec (Depths:1)
  Menkaure (D:4)
  5 vampire mosquitoes
  3 wargs
  A harpy simulacrum (D:14)
  8 water moccasins
  An acid dragon (D:11)
  A glowing shapeshifter skeleton (Vaults:1)
  2 hell hounds (Gauntlet)
  2 ice beasts
  9 orc warriors
  A sky beast (D:7)
  3 centaurs
  17 ogres
  61 wolves
  A phantom (D:11)
  8 boggarts
  2 kobold brigands
  A human skeleton (Vaults:1)
  2 gnoll sergeants (D:8)
  8 bullfrogs
  A scorpion (D:5)
  8 wights
  A troll zombie (D:11)
  5 killer bees (D:7)
  A human simulacrum (Vaults:1)
  5 howler monkeys
  7 electric eels
  3 jellies
  5 lava snakes (Lair:1)
  A quasit (D:3)
  2 gnoll boudas
  6 hounds
  Crazy Yiuf (D:2)
  9 orc priests
  2 sleepcaps
  Jessica (D:2)
  12 orc wizards
  Ijyb (D:4)
  Natasha (thrice) (D:3)
  2 iguanas
  13 hell rats
  7 ogre zombies (D:11)
  Robin (D:2)
  24 gnolls
  4 adders
  3 river rats (Sewer)
  2 shadow imps
  6 white imps
  2 ufetubi (D:4)
  A worm (D:4)
  A dart slug (D:3)
  63 orcs
  8 ball pythons
  4 endoplasms
  5 giant cockroaches
  6 hobgoblins
  5 jackals
  13 kobolds
  A quokka (D:5)
  3 bats (D:3)
  3 frilled lizards
  12 goblins
  2 goblin skeletons (D:11)
  A goblin zombie (D:11)
  A hobgoblin skeleton (D:11)
  A hobgoblin zombie (D:11)
  4 orc skeletons (D:11)
  16 orc zombies (D:11)
  10 rats
1246 creatures vanquished.

Vanquished Creatures (collateral kills)
  A walking frostbound tome (WizLab)
  Polyphemus (Shoals:4)
  A sphinx (Vaults:3)
  Donald (Vaults:2)
  A frost giant (D:15)
  An emperor scorpion (Spider:2)
  An orc warlord (Orc:1)
  An ironbound thunderhulk (Vaults:2)
  A war gargoyle (Vaults:3)
  An ironbound preserver (Vaults:2)
  A stone giant (Shoals:2)
  Nessos (D:13)
  Azrael (D:12)
  5 merfolk impalers (Shoals:4)
  A great orb of eyes (Vaults:2)
  5 merfolk javelineers
  2 rakshasas (WizLab)
  2 peacekeepers (Vaults:3)
  An ogre mage (Orc:2)
  3 jorogumos
  A centaur warrior (D:14)
  An alligator snapping turtle (Shoals:2)
  A boulder beetle (D:12)
  3 two-headed ogres (Orc:2)
  A death scarab (Spider:4)
  10 merfolk aquamancers
  2 death yaks (Shoals:4)
  Urug (D:12)
  A tengu warrior (D:13)
  6 dancing weapons (WizLab)
  5 sea snakes
  A wizard (Vaults:2)
  3 deep trolls
  13 harpies
  A deep elf pyromancer (D:14)
  2 wolf spiders
  3 fauns (Shoals:1)
  8 ugly things
  4 manticores
  4 cyclopes
  A black mamba (Lair:5)
  An elephant (Lair:3)
  A merfolk siren (Shoals:4)
  5 water nymphs (Shoals:4)
  2 cane toads
  A nameless horror (D:12)
  3 komodo dragons
  10 merfolk
  A polar bear (Lair:5)
  5 trolls
  A spectral tarantella (Spider:4)
  7 wind drakes
  2 blink frogs (Lair:5)
  5 dream sheep
  A snapping turtle (Shoals:4)
  A jumping spider zombie (Spider:4)
  2 air elementals (Shoals:4)
  4 jumping spiders
  2 slime creatures (D:12)
  A centaur simulacrum (D:15)
  5 culicivoras
  11 water elementals (Shoals:4)
  3 wyverns
  4 fire elementals
  20 yaks
  2 basilisks
  A vampire (D:12)
  8 humans
  6 redbacks
  5 vampire mosquitoes
  2 wargs
  A hell hound (Lair:4)
  8 orc warriors (Orc:1)
  6 ogres
  4 wolves
  3 orc priests
  5 orc wizards
  10 orcs (Orc:1)
263 creatures vanquished.

Vanquished Creatures (others)
  A jumping spider (Spider:3)
  A human (D:13)
  3 redbacks (Spider:3)
  A wolf (Lair:3)
  A bush (Lair:5)
  2 demonic plants (D:4)
  74 fungi
  180 plants
  10 toadstools (Lair:2)
  14 withered plants (Gauntlet)
287 creatures vanquished.

Grand Total: 1796 creatures vanquished

Notes
Turn   | Place    | Note
-------+----------+-------------------------------------------
     0 | D:1      | sanka the Tengu Enchanter began the quest for the Orb.
     0 | D:1      | Reached XP level 1. HP: 10/10 MP: 4/4
   219 | D:1      | Reached skill level 1 in Fighting
   219 | D:1      | Reached XP level 2. HP: 16/16 MP: 6/6
   292 | D:1      | Learned a level 1 spell: Magic Dart
   295 | D:1      | Learned a level 2 spell: Searing Ray
   745 | D:2      | Reached skill level 1 in Conjurations
   827 | D:1      | Reached XP level 3. HP: 12/20 MP: 7/7
   911 | D:2      | Noticed Jessica
   914 | D:2      | Killed Jessica
   954 | D:2      | Reached XP level 4. HP: 25/25 MP: 6/8
  1005 | D:2      | Noticed Robin
  1018 | D:2      | Killed Robin
  1213 | D:2      | Found a shimmering altar of Xom.
  1383 | D:2      | Noticed Sigmund
  1444 | D:2      | Killed Sigmund
  1445 | D:2      | Gained mutation: Your magical nature lets you fly swiftly
                  | and evasively. [Tengu growth]
  1445 | D:2      | Reached XP level 5. HP: 20/29 MP: 3/9
  1445 | D:2      | Reached XP level 6. HP: 24/34 MP: 3/10
  1672 | D:2      | Found a runed translucent door.
  1673 | D:2      | Noticed Crazy Yiuf
  1936 | D:2      | Killed Crazy Yiuf
  2379 | D:3      | Found an opulent altar of Gozag.
  2680 | D:3      | Found a hide-covered altar of Uskayaw.
  3134 | D:4      | Noticed Natasha
  3242 | D:3      | Killed Natasha
  3335 | D:3      | Noticed Natasha
  3340 | D:3      | Killed Natasha
  3603 | D:3      | Noticed Natasha
  3608 | D:3      | Killed Natasha
  3609 | D:3      | Reached XP level 7. HP: 40/40 MP: 6/11
  4035 | D:4      | Learned a level 5 spell: Iskenderun's Battlesphere
  4174 | D:4      | Noticed Ijyb
  4192 | D:4      | Killed Ijyb
  4591 | D:4      | Noticed Grinder
  4592 | D:4      | Paralysed by Grinder for 3 turns
  4738 | D:4      | Paralysed by Grinder for 4 turns
  4755 | D:3      | Killed Grinder
  4756 | D:3      | Reached skill level 5 in Dodging
  4756 | D:3      | Reached XP level 8. HP: 44/48 MP: 7/12
  5014 | D:4      | Noticed Menkaure
  5026 | D:4      | Killed Menkaure
  5381 | D:5      | Entered Level 5 of the Dungeon
  5488 | D:5      | Reached skill level 5 in Fighting
  5753 | D:5      | Found a glowing drain.
  5757 | Sewer    | Entered a sewer
  5970 | Sewer    | Found a white marble altar of Elyvilon.
  6161 | D:5      | Found a broken altar of Ashenzari.
  6583 | D:6      | Found a stormy altar of Qazlal.
  6591 | D:6      | Found a blossoming altar of Fedhas.
  7054 | D:6      | Noticed a shadow
  7059 | D:6      | Killed a shadow
  7060 | D:6      | Reached XP level 9. HP: 55/55 MP: 9/15
  7575 | D:7      | Reached skill level 10 in Conjurations
  7718 | D:7      | Found a faded altar of an unknown god.
  7718 | D:7      | Found a hazy altar of Hepliaklqana.
  7720 | D:7      | Found a faded altar of an unknown god.
  7753 | D:7      | Found a staircase to the Ecumenical Temple.
  7815 | Temple   | Entered the Ecumenical Temple
  7962 | Temple   | Became a worshipper of Vehumet
  8453 | D:7      | Found a runed translucent door.
  8455 | D:7      | Noticed MrCrawl's ghost (novice DsNe)
  9057 | D:8      | Identified 3 scrolls of acquirement
  9057 | D:8      | Acquired the staff of conjuration "Iwemem" {Int+2}
  9059 | D:8      | Acquired the ring "Xufrom" {rN++ Int+6 Stlth+}
  9061 | D:8      | Acquired the staff of conjuration "Akutt" {rPois Str+3
                  | Dex+6}
  9143 | D:7      | Learned a level 7 spell: Orb of Destruction
  9158 | D:8      | Found a flagged portal.
  9173 | Bailey   | Entered a bailey
  9247 | Bailey   | Reached * piety under Vehumet
  9247 | Bailey   | Offered knowledge of Freeze by Vehumet.
  9867 | D:8      | Reached XP level 10. HP: 53/61 MP: 7/17
  9908 | D:8      | Found Lemastrem's Distillery.
 10046 | D:8      | Bought a potion of haste for 100 gold pieces
 10046 | D:8      | Bought a potion of degeneration for 10 gold pieces
 10241 | D:8      | Offered knowledge of Scorch by Vehumet.
 10243 | D:8      | Reached ** piety under Vehumet
 10756 | D:9      | Noticed a manticore
 11446 | D:9      | Found a staircase to the Lair.
 11446 | D:9      | Identified the +5 ring mail of Ofampuna {rN++ Str-4 Int+3}
 11675 | D:9      | Killed a manticore
 11973 | D:9      | Noticed a two-headed ogre
 12010 | D:9      | Killed a two-headed ogre
 12011 | D:9      | Reached skill level 10 in Dodging
 12011 | D:9      | Reached XP level 11. HP: 68/71 MP: 10/18
 12114 | D:9      | Noticed a two-headed ogre
 12155 | D:9      | Killed a two-headed ogre
 12156 | D:9      | Reached skill level 10 in Fighting
 12486 | D:9      | Found a snail-covered altar of Cheibriados.
 12495 | D:9      | Found a white marble altar of Elyvilon.
 12667 | D:10     | Entered Level 10 of the Dungeon
 12761 | D:10     | Offered knowledge of Volatile Blastmotes by Vehumet.
 12863 | D:10     | Reached *** piety under Vehumet
 13093 | D:10     | Found a portal to a secret trove of treasure.
 13384 | D:10     | Reached skill level 5 in Spellcasting
 13479 | D:10     | Identified the +1 ring mail of the Intense God {rF+}
 14132 | D:11     | Offered knowledge of Iskenderun's Mystic Blast by Vehumet.
 14265 | D:11     | Found a staircase to the Orcish Mines.
 14429 | D:11     | Reached **** piety under Vehumet
 14448 | D:11     | Offered knowledge of Airstrike by Vehumet.
 14662 | D:11     | Noticed a two-headed ogre
 15233 | D:11     | Found Huruniet's Magic Scroll Shop.
 15322 | D:11     | Killed a two-headed ogre
 15425 | D:11     | Noticed a two-headed ogre
 15429 | D:11     | Killed a two-headed ogre
 15603 | Lair:1   | Entered Level 1 of the Lair of Beasts
 15695 | Lair:1   | Noticed Amaemon
 15722 | Lair:1   | Reached XP level 12. HP: 77/77 MP: 15/22
 15732 | Lair:1   | Reached skill level 15 in Conjurations
 15781 | Lair:1   | Identified the +8 chain mail "Aqidanots" {Str+6}
 15807 | Lair:1   | Found a gate leading to a gauntlet.
 15828 | Gauntlet | Entered a Gauntlet
 15828 | Gauntlet | Noticed a catoblepas
 15828 | Gauntlet | Found a transporter.
 15828 | Gauntlet | Found a transporter.
 15829 | Gauntlet | Found a transporter.
 15832 | Gauntlet | Found a transporter.
 15834 | Gauntlet | Found a large runed translucent door.
 15835 | Gauntlet | Found a large runed translucent door.
 15836 | Gauntlet | Found a large runed translucent door.
 15836 | Gauntlet | Found a large runed translucent door.
 15836 | Gauntlet | Found a runed translucent door.
 15837 | Gauntlet | Found a large runed translucent door.
 15839 | Gauntlet | Found a transporter.
 15844 | Gauntlet | Found a transporter.
 15850 | Gauntlet | Found a transporter.
 15851 | Gauntlet | Found a transporter.
 15860 | Gauntlet | Found a large runed translucent door.
 15861 | Gauntlet | Found a large runed translucent door.
 15862 | Gauntlet | Found a large runed translucent door.
 15863 | Gauntlet | Found a runed translucent gate.
 15864 | Gauntlet | Noticed a hell hog
 15865 | Gauntlet | Found a transporter.
 15884 | Gauntlet | Noticed a soul eater
 15888 | Gauntlet | Found a transporter.
 15915 | Gauntlet | Found a transporter.
 15977 | Gauntlet | Found a large runed translucent door.
 15978 | Gauntlet | Found a large runed translucent door.
 15979 | Gauntlet | Found a large runed translucent door.
 15979 | Gauntlet | Found a large runed translucent door.
 15979 | Gauntlet | Found a runed translucent door.
 15980 | Gauntlet | Found a large runed translucent door.
 15981 | Gauntlet | Found a large runed translucent door.
 15982 | Gauntlet | Found a large runed translucent door.
 15982 | Gauntlet | Found a large runed translucent door.
 15983 | Gauntlet | Found a runed translucent gate.
 15983 | Gauntlet | Found a runed translucent gate.
 15985 | Gauntlet | Found a transporter.
 16031 | Gauntlet | Reached ***** piety under Vehumet
 16031 | Gauntlet | Offered knowledge of Ozocubu's Refrigeration by Vehumet.
 16161 | Gauntlet | Identified the ring "Xeseiq" {Will+ rCorr Int+6}
 16198 | Gauntlet | Killed a hell hog
 16402 | Gauntlet | Identified the staff of cold "Noodepn" {rC+ SInv}
 16420 | Gauntlet | Identified the +5 plate armour of the Hidden Vale {Rampage
                  | rElec rCorr Int-4}
 16420 | Gauntlet | Noticed a minotaur
 16430 | Gauntlet | Killed a minotaur
 16518 | Gauntlet | Identified the +0 ring mail of the Vaults {rElec Str+3}
 17028 | Lair:1   | You are sucked into a shaft and drop 1 floor!
 17029 | Lair:2   | Found a hole to the Spider Nest.
 18250 | Lair:1   | Killed Amaemon
 18251 | Lair:1   | Reached XP level 13. HP: 84/84 MP: 16/26
 19034 | Lair:2   | Found a runed translucent door.
 19058 | Lair:2   | Noticed a dire elephant
 19188 | Lair:2   | Found a staircase to the Shoals.
 19409 | Lair:2   | Offered knowledge of Spellforged Servitor by Vehumet.
 19578 | Lair:2   | Learned a level 7 spell: Spellforged Servitor
 20180 | Lair:2   | Killed a dire elephant
 20926 | Lair:3   | Found a radiant altar of Vehumet.
 22754 | Lair:4   | Found a viscous altar of Jiyva.
 22755 | Lair:4   | Found a staircase to the Slime Pits.
 22836 | Lair:4   | Reached skill level 1 in Summonings
 23016 | Lair:4   | Reached XP level 14. HP: 94/94 MP: 19/27
 23224 | Lair:4   | Identified the +4 barding of Immoh {Int+2}
 23242 | Lair:4   | Offered knowledge of Eringya's Noxious Bog by Vehumet.
 23272 | Lair:4   | Found a runed translucent gate.
 23272 | Lair:4   | Found a runed translucent gate.
 23272 | Lair:4   | Found a runed translucent gate.
 23272 | Lair:4   | Noticed a rockslime
 23275 | Lair:4   | Noticed an acid blob
 23275 | Lair:4   | Noticed an acid blob
 23275 | Lair:4   | Noticed an acid blob
 23275 | Lair:4   | Noticed an azure jelly
 23276 | Lair:4   | Found a viscous altar of Jiyva.
 23276 | Lair:4   | Noticed Arcadio's ghost (journeyman MiBe)
 23276 | Lair:4   | Noticed an acid blob
 23276 | Lair:4   | Noticed an acid blob
 23277 | Lair:4   | Noticed an azure jelly
 23845 | Lair:4   | Learned a level 8 spell: Lehudib's Crystal Spear
 24053 | Lair:4   | Noticed Snorg
 24057 | Lair:4   | Killed Snorg
 24400 | Lair:4   | Reached skill level 1 in Earth Magic
 24655 | Lair:5   | Entered Level 5 of the Lair of Beasts
 26222 | Lair:5   | Offered knowledge of Yara's Violent Unravelling by Vehumet.
 26238 | Lair:5   | Identified the ring "Owkon" {Fire rPois rN+}
 26745 | Lair:5   | Reached XP level 15. HP: 97/98 MP: 2/29
 26891 | Lair:5   | Reached skill level 10 in Spellcasting
 27432 | Orc:1    | Entered Level 1 of the Orcish Mines
 27433 | Orc:1    | Noticed an orc warlord
 27444 | Orc:1    | Killed an orc warlord
 27458 | D:11     | HP: 4/98 [orc warrior/bolt (12)]
 27952 | Orc:1    | Offered knowledge of Starburst by Vehumet.
 28297 | Orc:2    | Entered Level 2 of the Orcish Mines
 28385 | Orc:2    | Found a staircase to the Elven Halls.
 29150 | Orc:2    | Found Gix Buacw's Jewellery Shoppe.
 29163 | Orc:2    | Found Kaps's Assorted Antiques.
 29167 | Orc:2    | Paralysed by an ogre mage for 3 turns
 29321 | Orc:2    | Found Winyafel's Antique Armour Boutique.
 29344 | Orc:2    | Found Zunosh's Antique Weapon Emporium.
 29391 | Orc:2    | Reached skill level 5 in Summonings
 29952 | Orc:1    | Reached ****** piety under Vehumet
 29952 | Orc:1    | Offered knowledge of Freezing Cloud by Vehumet.
 30179 | Orc:2    | Bought a scroll of identify for 58 gold pieces
 30179 | Orc:2    | Bought a scroll of identify for 58 gold pieces
 30187 | Orc:2    | Learned a level 5 spell: Freezing Cloud
 30187 | Orc:2    | Bought a potion of cancellation for 232 gold pieces
 30187 | Orc:2    | Bought a scroll of fear for 116 gold pieces
 30310 | D:8      | Bought a potion of ambrosia for 80 gold pieces
 30310 | D:8      | Bought a potion of haste for 100 gold pieces
 30310 | D:8      | Bought a potion of magic for 80 gold pieces
 30517 | D:12     | Noticed Azrael
 30523 | D:12     | Killed Azrael
 31149 | D:12     | Found a stormy altar of Qazlal.
 31192 | D:12     | Noticed Fannar
 31196 | D:12     | Killed Fannar
 31410 | D:12     | Noticed Urug
 31415 | D:12     | Killed Urug
 32062 | D:11     | Bought a scroll of blinking for 90 gold pieces
 32062 | D:11     | Bought a scroll of teleportation for 36 gold pieces
 32062 | D:11     | Bought a scroll of fear for 48 gold pieces
 32062 | D:11     | Bought a scroll of identify for 24 gold pieces
 32062 | D:11     | Bought a scroll of identify for 24 gold pieces
 32502 | D:13     | Got Enothath's Quarto of Mud
 32977 | D:14     | Noticed Nessos
 32977 | D:14     | Found a gate to the Vaults.
 33276 | D:13     | Killed Nessos
 33422 | D:14     | Reached skill level 15 in Dodging
 33613 | D:14     | Reached XP level 16. HP: 106/106 MP: 26/31
 34054 | D:15     | Entered Level 15 of the Dungeon
 34068 | D:15     | Offered knowledge of Plasma Beam by Vehumet.
 34721 | D:15     | Found an ancient bone altar of Kikubaaqudgha.
 34970 | D:15     | Found a staircase to the Depths.
 35126 | D:15     | Learned a level 6 spell: Plasma Beam
 35329 | Shoals:1 | Entered Level 1 of the Shoals
 35341 | Shoals:1 | Reached skill level 1 in Air Magic
 35350 | Shoals:1 | HP: 4/107 [faun/+0 club (4)]
 36287 | Shoals:1 | Reached skill level 5 in Air Magic
 36474 | Shoals:1 | Noticed Josephine
 36477 | Shoals:1 | Killed Josephine
 37063 | Orc:2    | Bought a glowing scarf for 280 gold pieces
 37813 | Shoals:2 | Offered knowledge of Chain Lightning by Vehumet.
 37813 | Shoals:2 | Offered knowledge of Polar Vortex by Vehumet.
 37813 | Shoals:2 | Offered knowledge of Maxwell's Capacitive Coupling by
                  | Vehumet.
 39117 | Shoals:3 | Reached XP level 17. HP: 91/112 MP: 13/34
 40077 | Shoals:3 | Found Dutziminu's Antique Armour Emporium.
 40087 | Shoals:4 | Entered Level 4 of the Shoals
 40302 | Shoals:4 | Reached skill level 10 in Air Magic
 40590 | Orc:2    | Bought an amulet of regeneration for 360 gold pieces
 40611 | Orc:2    | Learned a level 9 spell: Chain Lightning
 40789 | Shoals:4 | Paralysed by an air elemental for 1 turns
 41393 | Shoals:4 | Paralysed by an air elemental for 1 turns
 41942 | Shoals:4 | Identified the +0 scale mail of Trumpets {-Tele Harm Fly
                  | Slay+3}
 41980 | Shoals:4 | Noticed Polyphemus
 42233 | Shoals:4 | Killed Polyphemus
 42618 | Shoals:4 | Noticed a titan
 42621 | Shoals:4 | Killed a titan
 42818 | Shoals:4 | Got a barnacled rune of Zot
 42820 | Shoals:4 | Identified the staff of air "Uvop" {rElec rF+}
 44070 | Spider:1 | Entered Level 1 of the Spider Nest
 44086 | Spider:1 | Reached XP level 18. HP: 56/117 MP: 17/37
 44127 | Spider:1 | Reached skill level 15 in Spellcasting
 44364 | Spider:1 | Reached skill level 15 in Air Magic
 45367 | Spider:2 | Noticed Agnes
 45368 | Spider:2 | Killed Agnes
 46889 | Spider:3 | Noticed Nikola
 46901 | Spider:2 | Killed Nikola
 47388 | Spider:3 | Noticed Arachne
 47725 | Spider:3 | Noticed Bai Suzhen
 47783 | Spider:3 | Killed Arachne
 47786 | Spider:3 | Killed Bai Suzhen
 48835 | Spider:4 | Entered Level 4 of the Spider Nest
 49807 | Spider:4 | Reached XP level 19. HP: 117/122 MP: 36/39
 51130 | Spider:4 | Reached skill level 1 in Evocations
 51947 | Spider:4 | Got a gossamer rune of Zot
 51954 | Spider:4 | Identified the +2 pair of gloves of the Shoals {-Tele rN+++
                  | Dex+4}
 52419 | D:10     | You paid a toll of 3 potions of resistance to enter a
                  | treasure trove
 52420 | Trove    | Entered a treasure trove
 52432 | Trove    | Identified the ring "Feteumobb" {rN+ Int+2 Dex+6 Stlth+}
 52434 | Trove    | Identified the +5 kite shield of Qeuffah {rPois Int+2}
 52436 | Trove    | Identified the ring of Reylerch {Int+6 SInv}
 52610 | Vaults:1 | Entered Level 1 of the Vaults
 53814 | Vaults:1 | Found Niumiud's Weapon Boutique.
 55018 | Vaults:2 | Reached XP level 20. HP: 128/128 MP: 34/40
 55395 | Vaults:2 | Noticed Donald
 55402 | Vaults:2 | Killed Donald
 55409 | Vaults:2 | Found a magical portal.
 55434 | WizLab   | Entered Tukima's Studio
 55453 | WizLab   | Identified the +1 hand crossbow "Ytemoeth" {speed, rN++
                  | rCorr Str+3 Stlth+}
 55483 | WizLab   | Noticed sanka's illusion
 55690 | WizLab   | Identified the +4 triple crossbow of the Spheres {speed,
                  | Fragile Fly Str+3 Dex+3}
 55732 | WizLab   | Noticed sanka's illusion
 55899 | WizLab   | Noticed sanka's illusion
 55955 | WizLab   | Noticed sanka's illusion
 56027 | WizLab   | Noticed sanka's illusion
 56088 | WizLab   | Got Sif Muna's Anthology of Jinxing
 56089 | WizLab   | Identified the scarf of Articulation {rC+ rF+, Rampage
                  | Will+ SInv}
 56098 | WizLab   | Got the Handbook of Malisons
 56523 | Orc:2    | Bought the amulet of Awe {rPois rC- Regen+ Int+8} for 612
                  | gold pieces
 57815 | Vaults:3 | Noticed Jory
 57818 | Vaults:3 | Killed Jory
 58682 | Vaults:3 | Noticed Sojobo
 58692 | Vaults:3 | Killed Sojobo
 58837 | Vaults:3 | Reached skill level 1 in Shields
 59132 | Vaults:3 | Found a staircase to the Crypt.
 59509 | Vaults:4 | Noticed Xtahua
 59513 | Vaults:4 | Killed Xtahua
 59630 | Vaults:4 | Reached skill level 5 in Shields
 59787 | Vaults:4 | Reached XP level 21. HP: 132/132 MP: 34/41
 60087 | Vaults:4 | Found the +4 Cigotuvi's embrace {Corpsefed rMiasma Drain
                  | rN+}
 60102 | Vaults:4 | Noticed Zenata
 60107 | Vaults:4 | Killed Zenata
 60112 | Vaults:4 | Noticed Boris
 60335 | Vaults:4 | Killed Boris
 61368 | Vaults:4 | Found a runed translucent gate.
 61368 | Vaults:4 | Found a runed translucent gate.
 61368 | Vaults:4 | Found a runed translucent gate.
 61371 | Vaults:4 | Noticed Discosetron's ghost (adept BaWr)
 61959 | D:7      | Killed MrCrawl's ghost
 62157 | Lair:4   | Reached skill level 10 in Shields
 62175 | Lair:4   | Killed Arcadio's ghost
 62833 | Lair:4   | Found a viscous altar of Jiyva.
 62833 | Lair:4   | Found a staircase to the Slime Pits.
 64091 | Vaults:4 | Killed Discosetron's ghost
 64297 | Vaults:4 | Identified the +3 pair of gloves of Patterns {rElec Str-2
                  | Stlth+}
 64565 | Depths:1 | Entered Level 1 of the Depths
 64785 | Depths:1 | Found a hide-covered altar of Uskayaw.
 64937 | Depths:1 | Found a one-way gate leading to the halls of Pandemonium.
 65715 | Depths:1 | Found Ewiug's One-of-a-Kind Books.
 65834 | Depths:1 | Found a gateway to Hell.
 66380 | Depths:2 | Found a snail-covered altar of Cheibriados.
 66670 | Depths:2 | Reached XP level 22. HP: 139/139 MP: 28/42
 66762 | Depths:2 | Found Goet's Magic Scroll Shop.
 66774 | Depths:2 | Found Yxiqi's Antique Armour Shop.
 66795 | Depths:2 | Bought a heavily runed cloak for 323 gold pieces
 66795 | Depths:2 | Identified the +0 cloak "Taofiuvu" {*Corrode rElec MP+9}
                  | (You bought it in a shop on level 2 of the Depths)
 66796 | Depths:2 | Bought faintly humming swamp dragon scales for 1870 gold
                  | pieces
 66796 | Depths:2 | Identified the +3 swamp dragon scales of Morality {Rampage
                  | rPois rC- Str+3} (You bought it in a shop on level 2 of the
                  | Depths)
 67054 | Depths:3 | Reached skill level 15 in Fighting
 67199 | Depths:3 | HP: 7/140 [constriction (9)]
 67200 | Depths:3 | Killed from afar by a smoke demon

Illustrated notes

Levels and vault maps discovered:
D:1:      wander_arrival_estate, layout_loops_ring
D:2:      layout_loops_cross, basic_altar, uniq_crazy_yiuf_cottage,
          uniq_sigmund, uniq_jessica, uniq_robin
D:3:      layout_basic, mainiacjoe_overflow_alcove_2, grunt_gozag_statues,
          minmay_ruptured
D:4:      layout_rooms, serial_demonic, serial_demonic_b, serial_demonic_a,
          serial_demonic_c, serial_demonic_f, corexii_shack, uniq_menkaure,
          uniq_grinder, uniq_ijyb, uniq_natasha
D:5:      layout_basic, mainiacjoe_overflow_surrounded_room,
          gup_sewer_entry_bowl, hangedman_glass_teeth
D:6:      layout_loops_ring, grunt_temple_overflow_forces_of_nature
D:7:      layout_cave_pods, nicolae_hepliaklqana_ecumenical_no_more,
          minmay_temple_entry_sparse_star, ebering_ghost_reflecting_pool
D:8:      layout_gridville, enter_bailey_5, serial_shops,
          nicolae_shop_window_shopping
D:9:      minmay_thick_lines, layout_basic, mainiacjoe_overflow_swirl,
          erik_lair_island
D:10:     layout_gridville, nicolae_trove_entry_crossroad
D:11:     layout_roguey, zombieorc2_lemuel, minmay_liquid_box,
          grunt_ministairs_10, nicolae_take_the_stairs
D:12:     layout_layer_cave, nicolae_qazlal_general_emergency, uniq_urug,
          uniq_azrael, uniq_fannar
D:13:     layout_cave_pools, chequers_serial_rivers_large_a
D:14:     layout_rooms, david_vaults_3, grunt_decor_junction
D:15:     grunt_enter_depths_snipers, layout_cave_pools, st_stairs_13,
          hangedman_decor_opposing, hangedman_decor_peaks_small,
          nicolae_kikubaaqudgha_miasma_corner
Temple:   nicolae_temple_bog_church
Lair:1:   layout_loops_ring, gauntlet_entry_generic, nicolae_lair_liquid_snakes,
          grunt_megastairs_2, uniq_amaemon
Lair:2:   gammafunk_lair_enchanted_lake, layout_misc_corridors,
          elwin_shoals_entry_rocks, nicolae_spider_entry_lesser_pyramids,
          cheibrodos_lair_lostbears, serial_bayou_shore_b
Lair:3:   layout_cellular_growth, basic_altar, grunt_forest_large_clearings
Lair:4:   layout_roguey [special_room_mythical_zoo], slime_entry_1,
          gammafunk_ghost_ooze, kilobyte_rumbling_trees, serial_bayou_shore_b,
          grunt_megastairs_3, uniq_snorg
Lair:5:   gammafunk_lair_ancient_temple, layout_misc_corridors, uniq_nessos
Shoals:1: layout_shoals, uniq_josephine
Shoals:2: cheibrodos_shoals_epimethial_gifts, layout_shoals, st_shoals_ruin
Shoals:3: layout_shoals, serial_shops, nicolae_shop_window_shopping
Shoals:4: shoals_end_hellmonk_storm_palace [storm_palace_center_square,
          storm_palace_corner_reverse_hut, storm_palace_corner_blocked,
          storm_palace_corner_grid, storm_palace_corner_reverse_hut],
          uniq_polyphemus
Spider:1: layout_spider_delve, hangedman_spider_tarantella_strand
Spider:2: layout_chambers, uniq_agnes
Spider:3: layout_spider_delve, nicolae_spider_some_kinda_spiderbox, uniq_nikola,
          uniq_arachne, uniq_bai_suzhen
Spider:4: floodkiller_spider_rune_tomb
Orc:1:    layout_caves, basic_altar
Orc:2:    st_orc_open, layout_caves
Vaults:1: st_octagons_1, v_misc_33, vaults_room_hallway, v_rooms_4,
          nicolae_vaults_network_s, nicolae_vaults_door_testing_chamber,
          vaults_room_corners, nicolae_vaults_closet_pinwheel_1,
          nicolae_vaults_storage_room_water, v_misc_14,
          nicolae_vaults_apartment_1, nicolae_vaults_theta,
          layout_vaults_omnigrid, serial_shops, nicolae_shop_hallway_stairs
Vaults:2: mu_enter_wizlab_6, nicolae_vaults_closet_pinwheel_1,
          nicolae_vaults_variable_pillar_hall, v_misc_22,
          hangedman_vaults_stream, grunt_vaults_twisty,
          nicolae_vaults_three_branches, nicolae_vaults_network_star,
          nicolae_vaults_house_3, nicolae_vaults_tangram_1, v_alt_pattern_5,
          nicolae_vaults_tetromino_L_1, layout_vaults_omnicross, uniq_donald
Vaults:3: ontoclasm_vaults_ring_square, v_rooms_4, hangedman_vaults_stitches,
          nicolae_vaults_trapezoid_lopsided_2, hangedman_vaults_restitches,
          vaults_room_semicircle, nicolae_vaults_closet_pinwheel_5,
          layout_vaults_big_room, minmay_crypt_entry_simple_walls, uniq_jory,
          uniq_sojobo
Vaults:4: gammafunk_ghost_tricky_traps, nicolae_vaults_closet_pinwheel_2,
          ontoclasm_vaults_claustrophobia, nicolae_vaults_circle_grid_b,
          v_misc_23, grunt_vaults_funnel, nicolae_vaults_ellipses_ellipsis,
          nicolae_vaults_trapezoid_4, serial_ice_h, hangedman_vaults_impose,
          vaults_standard_mumra_enter_the_diamond, nicolae_vaults_house_2,
          nicolae_vaults_sealed_display, layout_vaults_omnibox, uniq_zenata,
          uniq_xtahua, uniq_frederick, uniq_boris
Depths:1: layout_gridlike, chequers_serial_rivers_micro_a,
          rand_demon_pan_entry_4, hell_entry, nicolae_rare_books, hex_medium,
          hangedman_abyss_or_decor_stabs, dancing_weapons_uskayaw
Depths:2: minmay_nine_rooms, layout_honeycomb, minmay_misc_feat_columns,
          hell_entry, grunt_pan_entry_spiral, serial_shops, shop,
          nicolae_shop_window_shopping, minmay_misc_feat_hallway,
          cheibriados_altar_1, infiniplex_staircase_pillars_1
Depths:3: minmay_blocking_statues, layout_twisted_cross, enter_ziggurat_e,
          nicolae_abyss_entry_one_way_or_another, hellmouth_3,
          ashenzari_conservatory_becter, kennysheep_minor_cross

Skill      XL: |  1  2  3  4  5  6  7  8  9 10 11 12 13 14 15 16 17 18 19 20 21 22 |
---------------+-------------------------------------------------------------------+-----
Fighting       | 1 2 4 6 9 10 11 13 14 15 | 15.0
Conjurations   | 2 3 7 8 9 12 14 16 18 20 21 23 24 | 24.2
Dodging        | 3 5 6 7 10 11 14 15 16 | 16.2
Spellcasting   | 3 4 6 8 9 10 12 14 15 | 15.0
Summonings     | 2 4 5 |  5.0
Earth Magic    | 4 |  4.0
Air Magic      | 8 13 19 22 23 24 | 24.6
Evocations     | 4 |  4.0
Shields        | 5 10 | 10.0
Short Blades   | |  1.1
Stealth        | |  3.0
Hexes          | |  2.1

Action                     |  1- 3 |  4- 6 |  7- 9 | 10-12 | 13-15 | 16-18 | 19-21 | 22-24 || total
---------------------------+-------+-------+-------+-------+-------+-------+-------+-------++-------
  Melee: Dagger            |    42 |    24 |    73 |    19 |       |       |       |       ||   158
         Peck              |     7 |     7 |    21 |     8 |    17 |    10 |    37 |       ||   107
         Kick              |    13 |     4 |    29 |    19 |    25 |    23 |    58 |       ||   171
         Punch             |       |       |     2 |     1 |     4 |       |     1 |       ||     8
         Staff             |       |       |    40 |    15 |     4 |    43 |   112 |       ||   214
         Quarterstaff      |       |       |     1 |       |       |       |       |       ||     1
         Long sword        |       |       |       |     1 |    70 |       |       |       ||    71
   Cast: Magic Dart        |    20 |    58 |   196 |   369 |   562 |    22 |       |       ||  1227
         Searing Ray       |       |     6 |    24 |    12 |     3 |       |       |       ||    45
         Iskenderun's Batt |       |       |    15 |    77 |   106 |     4 |       |       ||   202
         Orb of Destructio |       |       |       |     8 |    82 |   116 |    69 |     1 ||   276
         Spellforged Servi |       |       |       |       |    54 |    73 |    30 |       ||   157
         Freezing Cloud    |       |       |       |       |     2 |     6 |       |       ||     8
         Plasma Beam       |       |       |       |       |       |   252 |   354 |       ||   606
         Chain Lightning   |       |       |       |       |       |       |    27 |    14 ||    41
  Evoke: Wand              |       |     3 |     6 |     5 |     4 |     1 |       |       ||    19
    Use: Potion            |       |     1 |     2 |     6 |     5 |     8 |     2 |       ||    24
         Scroll            |       |       |     6 |    10 |    15 |     3 |     3 |     2 ||    39
   Stab: Sleeping          |     4 |       |     6 |       |     2 |       |       |       ||    12
         Invisible         |       |     2 |     1 |       |       |       |       |       ||     3
         Distracted        |       |       |       |     1 |       |       |       |       ||     1
 Armour: Robe              |     3 |     3 |    25 |    23 |    49 |    20 |    44 |     2 ||   169
  Dodge: Dodged            |    20 |    27 |   180 |   232 |   660 |   316 |   298 |    10 ||  1743
  Block: Other             |       |       |    26 |     2 |       |       |       |       ||    28
         Reflection        |       |       |     1 |       |       |       |       |       ||     1
         Buckler           |       |       |       |       |       |       |    20 |     4 ||    24
